 Dungeon Sprint DCSS version 0.16.2-12-gd0ad4c3 (webtiles) character file.

14 Ponchio the Prestidigitator (level 2, -4/15 HPs)
             Began as a Deep Elf Conjurer on Sept 21, 2015.
             Was an Initiate of Vehumet.
             Slain by a slime creature (12 damage)
             ... in the Dungeon (Sprint V: "Ziggurat Sprint").
             The game lasted 00:03:48 (119 turns).

Ponchio the Prestidigitator (Deep Elf Conjurer)      Turns: 119, Time: 00:03:48

Health: -4/15      AC: 25    Str:  5    XL:     2   Next: 27%
Magic:  14/14      EV: -4    Int: 25    God:    Vehumet [......]
Gold:   0          SH:  0    Dex: 27    Spells: 1 memorised, 6 levels left

rFire  . . .     SeeInvis .     K - +6 Majin-Bo {vamp, Archmagi MP+6 Int+6}
rCold  . . .     Clarity  .     L - +15 Maxwell's patent armour {-Cast -Tele rElec MR+ rCorr} (curse)
rNeg   . . .     SustAb   .     (no shield)
rPois  .         Gourm    .     (no helmet)
rElec  +         Spirit   .     (no cloak)
rCorr  +         Warding  .     (no gloves)
rMut   .         NoTele   +     (no boots)
MR     +....     NoCast   +     (no amulet)
Stlth  ..........               A - +6 ring of dexterity
                                y - +6 ring of dexterity

@: somewhat resistant to hostile enchantments, extremely unstealthy
A: no striking features
a: Renounce Religion


You were in the Dungeon.
You worshipped Vehumet.
Vehumet was noncommittal.
You were not hungry.

You visited 1 branch

Inventory:

Hand weapons
 K - the +6 Majin-Bo (weapon) {vamp, Archmagi MP+6 Int+6}
   (You found it in the Dungeon)

   It inflicts no extra harm, but heals its wielder somewhat when it strikes a
   living foe.
   It affects your intelligence (+6).
   It affects your magic capacity (+6).
Armour
 a - a +0 robe
 L - the cursed +15 Maxwell's patent armour (worn) {-Cast -Tele rElec MR+ rCorr}
   (You found it in the Dungeon)

   It insulates you from electricity.
   It affects your resistance to hostile enchantments.
   It prevents spellcasting.
   It prevents most forms of teleportation.
   It protects you from acid and corrosion.
   It has a curse placed upon it.
Jewellery
 y - a +6 ring of dexterity (left hand)
 A - a +6 ring of dexterity (right hand)
 B - a +6 ring of intelligence
 C - a +6 ring of intelligence
 D - a +6 ring of strength
 E - a +6 ring of strength
Magical devices
 F - a wand of disintegration (5)
 G - a wand of fire (3)
 H - a wand of cold (5)
 I - a wand of draining (5)
Scrolls
 i - 4 scrolls of blinking
 q - 4 scrolls of amnesia
 r - 3 scrolls of recharging
 s - 7 scrolls of fog
 t - a scroll of holy word
 u - 5 scrolls of identify
 v - 5 scrolls of remove curse
 w - 2 scrolls of fear
Potions
 d - 9 potions of curing
 e - 10 potions of heal wounds
 f - 6 potions of haste
 g - 7 potions of magic
 h - 3 potions of berserk rage
 j - 2 potions of brilliance
 k - 2 potions of invisibility
 l - 2 potions of restore abilities
 m - 4 potions of resistance
 o - 5 potions of agility
 p - 5 potions of might
Books
 c - a book of Conjurations

   Spells                             Type                      Level
   a - Magic Dart                     Conjuration                  1
   b - Searing Ray                    Conjuration                  2
   c - Dazzling Spray                 Conjuration/Hexes            3
   d - Fulminant Prism                Conjuration/Hexes            4
   e - Iskenderun's Mystic Blast      Conjuration                  4
   f - Iskenderun's Battlesphere      Conjuration/Charms           5
Miscellaneous
 J - a disc of storms
Comestibles
 b - 5 bread rations
 x - 40 fruits
 z - 4 meat rations


   Skills:
 + Level 2.6 Dodging
 - Level 2.4 Stealth
 + Level 3.1 Spellcasting
 + Level 4.5 Conjurations
 + Level 8.9 Evocations


You had 6 spell levels left.
You knew the following spells:

 Your Spells              Type           Power        Failure   Level  Hunger
a - Magic Dart            Conj           ####         100%        1    None


Dungeon Overview and Level Annotations

Branches:
Dungeon (1/1)

Altars:
Ashenzari
Cheibriados
Dithmenos
Elyvilon
Fedhas
Gozag
Kikubaaqudgha
Makhleb
Nemelex Xobeh
Okawaru
Qazlal
Ru
Sif Muna
Trog
Vehumet
Xom
Yredelemnul
Zin
The Shining One
Beogh
Jiyva
Lugonu


Message History

Drink which item? (? for menu, Esc to quit)
You feel better.
The slime creature hits you but does no damage.
Evoke which item? (* to show all) (? for menu, Esc to quit)
Zapping:
G - a wand of fire (5)
Press: ? - help, Shift-Dir - straight line, f - slime creature
Aim: a slime creature (lightly wounded)
The bolt of fire hits the slime creature.
The slime creature is moderately wounded.
This wand has 4 charges left.
The slime creature hits you but does no damage.
Evoke which item? (* to show all) (? for menu, Esc to quit)
Zapping:
G - a wand of fire (4)
Press: ? - help, Shift-Dir - straight line, f/p - slime creature
Aim: a slime creature (moderately wounded)
The bolt of fire hits the slime creature.
The slime creature is severely wounded.
This wand has 3 charges left.
The slime creature hits you!
Ouch! That really hurt!
You die...

▓▓▓▓▓▓▓
▓.8©8.▓
▓.....▓
▓.:.).▓
▓.....▓
▓..J..▓
▓..@..▓
▓▓▓▓▓▓▓


You could see a slime creature.

Vanquished Creatures
  A giant eyeball (D)
1 creature vanquished.

Notes
Turn   | Place    | Note
--------------------------------------------------------------
     0 | D        | Ponchio, the Deep Elf Conjurer, began the quest for the Orb.
     0 | D        | Reached XP level 1. HP: 10/10 MP: 5/5
     0 | D        | Found a corrupted altar of Lugonu.
     0 | D        | Found a basalt altar of Yredelemnul.
     0 | D        | Found an iron altar of Okawaru.
     0 | D        | Found a burning altar of Makhleb.
     0 | D        | Found a radiant altar of Vehumet.
     1 | D        | Found a viscous altar of Jiyva.
     1 | D        | Found a white marble altar of Elyvilon.
     3 | D        | Found a sparkling altar of Nemelex Xobeh.
     3 | D        | Found a deep blue altar of Sif Muna.
     7 | D        | Found a bloodstained altar of Trog.
    25 | D        | Found a shimmering altar of Xom.
    33 | D        | Became a worshipper of Vehumet
    55 | D        | Reached skill level 8 in Evocations
    55 | D        | Reached XP level 2. HP: 15/15 MP: 6/8
   112 | D        | Entered arena 1.
   112 | D        | Noticed a slime creature
   112 | D        | Paralysed by a giant eyeball for 2 turns
   119 | D        | Slain by a slime creature

Action                   || total
-------------------------++-------
Melee: Quarterstaff      ||     1
Evoke: Wand              ||     4
  Use: Potion            ||     2
  Eat: Fruit             ||     2
